 Dungeon Crawl Stone Soup version 0.27.1-4-g1640c2035a (webtiles) character file.

Game seed: 3707947993696414514

66 tizbic2 the Magician (level 3, 0/27 HPs)
             Began as a Draconian Hedge Wizard on Nov 18, 2021.
             Was a Follower of Fedhas.
             Slain by Duvessa (4 damage)
             ... on level 3 of the Dungeon.
             The game lasted 00:07:14 (1448 turns).

tizbic2 the Magician (Draconian Hedge Wizard)       Turns: 1448, Time: 00:07:14

Health: 0/27       AC:  6    Str: 13    XL:     3   Next: 96%
Magic:  8/8        EV: 12    Int: 14    God:    Fedhas [*.....]
Gold:   80         SH:  0    Dex: 10    Spells: 6/9 levels left

rFire    . . .     SeeInvis .   f - +0 quarterstaff
rCold    . . .     Faith    .   (shield currently unavailable)
rNeg     . . .     Spirit   .   (armour unavailable)
rPois    .         Reflect  .   b - +0 hat
rElec    .         Harm     .   (no cloak)
rCorr    .         Rampage  .   a - +0 pair of gloves
Will     .....                  (no boots)
Stlth    ++........             (no amulet)
HPRegen  0.09/turn              (no ring)
MPRegen  0.11/turn              (no ring)

@: no status effects
A: AC +5, unfitting armour, cold-blooded
a: Renounce Religion


You were on level 3 of the Dungeon.
You worshipped Fedhas.
Fedhas was aware of your devotion.
You visited 1 branch of the dungeon, and saw 4 of its levels.

You collected 80 gold pieces.

Inventory:

Hand Weapons
 e - a +2 short sword of draining
 f - a +0 quarterstaff (weapon)
Armour
 a - a +0 pair of gloves (worn)
 b - a +0 hat (worn)
Scrolls
 c - 4 scrolls of identify {unknown}
 d - a scroll of amnesia {unknown}
 h - a scroll of enchant weapon {unknown}
Potions
 g - a potion of brilliance {unknown}


   Skills:
 + Level 0.9 Fighting
 * Level 2.5 Dodging
 - Level 1.7 Stealth
 * Level 3.6 Spellcasting
 + Level 1.4 Conjurations
 + Level 1.3 Summonings
 + Level 1.4 Translocations


You had 6 spell levels left.
You knew the following spells:

 Your Spells              Type           Power      Damage    Failure   Level
a - Magic Dart            Conj           24%        1d4       11%         1
b - Call Imp              Summ           6%         N/A       17%         2

Your spell library contained the following spells:

 Spells                   Type           Power      Damage    Failure   Level
 Blink                    Tloc           N/A        N/A       17%         2
 Animate Skeleton         Necr           4%         N/A       21%         1
 Pain                     Necr           8%         1d4       21%         1
 Slow                     Hex            2%         N/A       30%         2
 Conjure Flame            Conj/Fire      4%         6-21      41%         3
 Mephitic Cloud           Conj/Pois/Air  3%         N/A       45%         3
 Vampiric Draining        Necr           1%         2d6       52%         3


Dungeon Overview and Level Annotations

Branches:
Dungeon (4/15)
 Temple: D:4-7

Altars:
Fedhas
Yredelemnul

Annotations:
D:3 Dowan, Duvessa
D:4 Robin, Sigmund


Innate Abilities, Weirdness & Mutations

Your plain brown scales are hard. (AC +5)
You cannot fit into any form of body armour.
You are cold-blooded and may be slowed by cold attacks.


Message History

Dowan mumbles some strange words.
Dowan blinks!
Sigmund the Dreaded comes into view.
He is wielding a +3 scythe of protection.
Found a stone staircase leading up.
The giant cockroach bites you but does no damage.
The hobgoblin barely misses you.
Found a stone staircase leading down.
Sigmund shouts!
Sigmund screams, "I am the angel of ZOT!!!"
The giant cockroach closely misses you.
An ogre comes into view. It is wielding a +0 giant club.
Sigmund casts a spell at you. You resist with significant effort.
Duvessa closely misses you.
Dowan says, "My weaknesses are her strengths!"
Dowan gestures at you while chanting. The puff of flame misses you.
Duvessa says, "Practise, practise, practise!
One day you'll be as good as me." Sigmund gestures at you while chanting.
You resist with significant effort. The hobgoblin closely misses you.
Duvessa hits you with a +0 short sword!
There is a stone staircase leading up, spattered with blood here.
Dowan gestures at you while chanting. The puff of frost misses you.
Duvessa hits you with a +0 short sword.
* * * LOW HITPOINT WARNING * * *
The giant cockroach bites you but does no damage.
Dowan closely misses you. Duvessa hits you with a +0 short sword.
* * * LOW HITPOINT WARNING * * *
You climb upwards.
There is a stone staircase leading down here.
Duvessa closely misses you.
A frilled lizard comes into view.
Duvessa barely misses you.
Dowan is no longer moving quickly.
Duvessa hits you with a +0 short sword.
* * * LOW HITPOINT WARNING * * *
The frilled lizard hisses angrily.
The giant cockroach bites you but does no damage.
Duvessa hits you with a +0 short sword.
You die...
Fedhas appreciates your contribution to the ecosystem.

#.##.#
#.#..###.#
#..>.....#
###.######
#.#
###.###
#.e...#
####...#.#
+.@eB..l.#
####...#.#
#.....#
#.##..#
#.# ..#
#.# ..#
#.. ..#
### ##


You could see Duvessa (fast), Dowan, a giant cockroach and a frilled lizard.

Vanquished Creatures
  Natasha (D:2)
  An adder (D:2)
  A worm (D:2)
  A dart slug (D:1)
  3 ball pythons (D:1)
  A bat (D:2)
  2 endoplasms
  3 giant cockroaches
  3 goblins (D:1)
  3 hobgoblins
  4 kobolds
  2 quokkas (D:1)
  A frilled lizard (D:1)
  A rat (D:2)
27 creatures vanquished.

Notes
Turn   | Place    | Note
-------+----------+-------------------------------------------
     0 | D:1      | tizbic2 the Draconian Hedge Wizard began the quest for the
                  | Orb.
     0 | D:1      | Reached XP level 1. HP: 14/14 MP: 4/4
   303 | D:1      | Reached XP level 2. HP: 18/20 MP: 3/6
   758 | D:2      | Found a basalt altar of Yredelemnul.
   840 | D:2      | Found a faded altar of an unknown god.
   843 | D:2      | Became a worshipper of Fedhas Madash
   843 | D:2      | Reached * piety under Fedhas
   991 | D:2      | Noticed Natasha
  1003 | D:2      | Noticed a crimson imp
  1005 | D:2      | Killed Natasha
  1006 | D:2      | Reached XP level 3. HP: 6/27 MP: 8/8
  1325 | D:2      | Learned a level 2 spell: Call Imp
  1391 | D:2      | You fall into a shaft and drop 2 floors!
  1391 | D:4      | Noticed an ogre
  1404 | D:4      | Noticed Robin
  1416 | D:4      | Noticed an ogre
  1420 | D:4      | Noticed Duvessa
  1423 | D:4      | Noticed Dowan
  1426 | D:4      | Noticed Sigmund
  1434 | D:4      | Noticed an ogre
  1448 | D:3      | Slain by Duvessa

Illustrated notes

Levels and vault maps discovered:
D:1:      saegor_arrival_simple_a, layout_basic, hangedman_decor_points,
          minmay_crystal_water
D:2:      layout_basic, shapermc_ecumenical_altar_hornbeckon, basic_altar,
          serial_shops, shop, uniq_natasha
D:3:      layout_loops_corners, minmay_puff
D:4:      layout_cave_pools, chequers_serial_rivers_large_a, uniq_duvessa,
          uniq_eustachio, uniq_sigmund, uniq_robin, uniq_ijyb

Skill      XL: |  1 |
---------------+----+-----
Dodging        | 2 |  2.5
Fighting       | |  0.9
Stealth        | |  1.7
Spellcasting   | |  3.6
Conjurations   | |  1.4
Summonings     | |  1.3
Translocations | |  1.4

Action                   || total
-------------------------++-------
Melee: Dagger            ||    33
       Tailslap          ||     9
       Quarterstaff      ||    39
       Short sword       ||    13
 Cast: Magic Dart        ||    10
       Call Imp          ||     1
 Stab: Sleeping          ||     2
Armor: Skin              ||    36
Dodge: Dodged            ||    65
